 Dungeon Crawl Stone Soup version 0.17-a0-1508-ge7f3dc3 (webtiles) character file.

126 amnekian the Cutter (level 5, -8/32 HPs)
             Began as a Halfling Artificer on July 10, 2015.
             Was an Initiate of Gozag.
             Mangled by an orc wizard
             ... wielding a +2 dagger of electrocution
              (20 damage)
             ... on level 4 of the Dungeon.
             The game lasted 00:11:31 (2606 turns).

amnekian the Cutter (Halfling Artificer)            Turns: 2606, Time: 00:11:31

Health: -8/32      AC:  9    Str: 17    XL:     5   Next: 32%
Magic:  7/7        EV: 20    Int: 16    God:    Gozag
Gold:   153        SH:  0    Dex: 20    Spells: 0 memorised, 4 levels left

rFire  . . .     SeeInvis .     a - +0 short sword
rCold  . . .     Clarity  .     i - +1 leather armour {MR+}
rNeg   . . .     SustAt   .     (shield restricted)
rPois  .         Gourm    .     n - +1 helmet
rElec  .         Spirit   .     (no cloak)
rCorr  .         Warding  .     (no gloves)
rMut   .         Stasis   .     v - +2 pair of boots
MR     +....                    (no amulet)
Stlth  +++.......               w - ring of flight
                                u - ring of invisibility

@: mighty, brilliant, agile, somewhat resistant to hostile enchantments, fairly
stealthy
A: mutation resistance 1
a: Potion Petition, Call Merchant, Bribe Branch, Renounce Religion, Evoke
Invisibility, Evoke Flight


You were on level 4 of the Dungeon.
You worshipped Gozag.
Gozag was noncommittal.
You were hungry.

You visited 1 branch of the dungeon, and saw 4 of its levels.

You collected 210 gold pieces.
You paid 57 gold pieces to Gozag.

Inventory:

Hand weapons
 a - a +0 short sword (weapon)
 b - a +0 hunting sling
 s - a +3 short sword of holy wrath
Missiles
 h - 117 stones (quivered)
 I - 10 poisoned needles
Armour
 i - a +1 leather armour of magic resistance (worn)
 n - a +1 helmet (worn)
 p - a +0 chain mail
 v - a +2 pair of boots (worn)
Jewellery
 u - a ring of invisibility (left hand)
 w - a ring of flight (right hand)
 G - a cursed -3 ring of dexterity {unknown}
Magical devices
 c - a wand of flame (13)
 d - a wand of enslavement (14)
 e - a wand of random effects (10)
Scrolls
 j - 5 scrolls of identify {unknown}
 k - 4 scrolls of enchant weapon {unknown}
 m - 2 scrolls of teleportation {unknown}
 r - a scroll of remove curse {unknown}
 t - a scroll of fear {unknown}
 y - a scroll of recharging {unknown}
 z - a scroll of magic mapping {unknown}
 D - 2 scrolls of blinking {unknown}
Potions
 l - a potion of haste {unknown}
 q - a potion of might {unknown}
 x - 2 potions of lignification {unknown}
 A - 2 potions of mutation {unknown}
 B - 2 potions of curing {unknown}
 F - a potion of poison {unknown}
 J - a potion of cancellation {unknown}
Comestibles
 f - 2 bread rations
 g - 2 meat rations
 o - 2 beef jerkies
 C - 4 fruits
 E - a slice of pizza


   Skills:
 - Level 0.8 Fighting
 * Level 5.2 Short Blades
 * Level 0.8(2.2) Slings
 - Level 3.1 Throwing
 - Level 2.1 Dodging
 - Level 1.1 Stealth
 - Level 3.0 Evocations


You had 4 spell levels left.
You didn't know any spells.

Dungeon Overview and Level Annotations

Branches:
Dungeon (4/15)             Temple (0/1) D:4

Altars:
Gozag

Annotations:
D:4 Sigmund


Innate Abilities, Weirdness & Mutations

You are small and have problems with some larger weapons.
You are somewhat resistant to further mutation.


Message History

* * * LOW HITPOINT WARNING * * *
There is an open door here.
You are feeling hungry.
Drink which item? (? for menu, Esc to quit)
Okay, then.
Use which ability? (? or * to list) [a] - 0 gold - heal wounds, haste, agility, resistance and might [b] - 0 gold - heal wounds, curing, magic, might, agility and brilliance [c] - 0 gold - resistance, might, agility and flight Purchase which effect?
You feel much better.
You feel better. Magic courses through your body.
You feel very mighty all of a sudden.
You feel agile all of a sudden.
You feel clever all of a sudden. Something hits you but does no damage.
You are electrocuted!
Ouch! That really hurt!
You closely miss something. Something hits you but does no damage.
You are electrocuted!
Ouch! That really hurt!
You die...
Your body crumbles into a pile of gold.

#'########+#####+###+##
#....#......#....#.....
#$...+......#....#.....
#.o..#......#....+.....
#....#......'....#.....
##'####.###'####..# ####
#..o.##+##.)####'#######
#....#.........+.....+..
#..oo#.@.......#.....#..
#....#o{##...###.##'####
#...o'..###'## #.#......
#....#..'....# ..+......
#....##'##...#...#......
#####....#...#...#......
#######..+...#...... $
#..#...#...... #.##
#......


You could see 2 orcs.

Vanquished Creatures
  Ijyb (D:3)
  A worker ant (D:3)
  An adder (D:4)
  An ooze (D:1)
  3 giant geckos
  An orc (D:3)
  2 ball pythons
  A giant cockroach (D:1)
  8 hobgoblins
  2 jackals (D:3)
  8 kobolds
  4 quokkas
  7 bats
  2 giant newts (D:2)
  7 goblins
  8 rats
57 creatures vanquished.

Vanquished Creatures (others)
  An orc wizard (D:4)
1 creature vanquished.

Grand Total: 58 creatures vanquished

Notes
Turn   | Place    | Note
--------------------------------------------------------------
     0 | D:1      | amnekian the Halfling Artificer began the quest for the Orb.
     0 | D:1      | Reached XP level 1. HP: 12/12 MP: 3/3
    31 | D:1      | Reached XP level 2. HP: 18/18 MP: 4/4
   239 | D:1      | Reached skill level 1 in Throwing
   266 | D:1      | Reached XP level 3. HP: 20/22 MP: 5/5
   302 | D:1      | You fall through a shaft!
  1421 | D:3      | Reached XP level 4. HP: 27/27 MP: 6/6
  1584 | D:3      | Reached skill level 4 in Short Blades
  1699 | D:3      | Noticed Ijyb
  1925 | D:3      | Killed Ijyb
  1974 | D:3      | Reached XP level 5. HP: 26/32 MP: 7/7
  2221 | D:4      | Noticed Sigmund
  2282 | D:4      | Reached skill level 5 in Short Blades
  2328 | D:4      | Found an opulent altar of Gozag.
  2336 | D:4      | Became a worshipper of Gozag Ym Sagoz the Greedy
  2390 | D:4      | Found a staircase to the Ecumenical Temple.
  2606 | D:4      | Mangled by an orc wizard

Vault maps used:
D:1:      lightli_arrival_boilingwater
D:2:      first_bread, uniq_crazy_yiuf_cottage
D:3:      uniq_iyjb
D:4:      overflow_temple_1_default, kennysheep_little_box,
          overflow_temple_1_default, temple_green, uniq_sigmund

Action                   |  1- 3 |  4- 6 || total
-------------------------+-------+-------++-------
Melee: Short sword       |   139 |    76 ||   215
 Fire: Hunting sling     |       |    12 ||    12
Throw: Stone             |    10 |       ||    10
Invok: Potion Petition   |       |     1 ||     1
Evoke: Wand              |     3 |     5 ||     8
 Stab: Sleeping          |     1 |     1 ||     2
  Eat: Chunk             |     2 |     3 ||     5
